AoeStats
← nadia nova

Arabia

509127945Analyzed
1v1 RM · 6d ago on Sep 25, 2026· 39m 24s· 2 players
Game mode
Random Map
Map size
Tiny (2 player)
Population
200
Speed
Normal
Resources
Standard
Victory
Conquest
Starting age
Dark Age
Ending age
Imperial Age
RankedLock teamsTeams togetherTeam positionsShared explorationLock speedFull tech treeHidden civsTurbo modeCheats
Victory
Defeat
🇫🇮 Vikings · Finland
1021
+15
🇦🇷 Franks · Argentina
1006
-15
Lord Wrath
6:08 Loom
8:48 Feudal Age
9:20 Double-Bit Axe
16:59 Scale Barding Armor
18:05 Man-at-Arms
19:32 Stone Mining
19:36 Gold Mining
22:29 Castle Age
26:17 Forging
31:49 Iron Casting
31:15 Scale Mail Armor
31:32 Bow Saw
nadia nova
8:00 Loom
10:28 Feudal Age
11:35 Double-Bit Axe
11:47 Man-at-Arms
15:53 Horse Collar
18:10 Scale Mail Armor
22:34 Castle Age
21:29 Arson
22:39 Forging
23:58 Chain Mail Armor
25:32 Bow Saw
26:16 Squires
26:57 Pikeman
29:44 Heavy Plow
29:37 Town Watch
31:57 Iron Casting
37:27 Murder Holes
37:25 Fletching
Connection lost

Rejoining the realm…

Still unreachable

The connection could not be restored.

Session expired

The server has moved on; the page needs a fresh start.